 Dungeon Crawl Stone Soup version 0.27.0-1-g7a08968 (webtiles) character file.

Game seed: 14029925036736182643

821 BALLS the Magician (level 7, -4/50 HPs)
             Began as a Mummy Conjurer on Jan 21, 2022.
             Was an Initiate of Sif Muna.
             Slain by an ogre (28 damage)
             ... on level 5 of the Dungeon.
             The game lasted 00:12:54 (5485 turns).

BALLS the Magician (Mummy Conjurer)                 Turns: 5485, Time: 00:12:55

Health: -4/50      AC:  5    Str: 11    XL:     7   Next: 63%
Magic:  9/17       EV: 12    Int: 19    God:    Sif Muna [......]
Gold:   148        SH:  0    Dex: 10    Spells: 6/20 levels left

rFire    x . .     SeeInvis .   o - +2 whip (vamp)
rCold    + . .     Faith    .   (no shield)
rNeg     + + +     Spirit   .   a - +0 robe
rPois    ∞         Reflect  .   h - +0 helmet
rElec    .         Harm     .   n - +0 cloak
rCorr    .         Rampage  .   l - +0 pair of gloves
Will     .....                  (no boots)
Stlth    ++........             (no amulet)
HPRegen  0.16/turn              (no ring)
MPRegen  0.15/turn              (no ring)

@: no status effects
A: cold resistance 1, negative energy resistance 3, torment resistance 2, heat
vulnerability 1, no potions
a: Renounce Religion


You were on level 5 of the Dungeon.
You worshipped Sif Muna.
Sif Muna was noncommittal.
You visited 2 branches of the dungeon, and saw 6 of its levels.
You also visited: Sewer.

You collected 148 gold pieces.

Inventory:

Hand Weapons
 d - a +2 short sword of venom
 o - a +2 vampiric whip (weapon)
Armour
 a - a +0 robe (worn)
 h - a +0 helmet (worn)
 l - a +0 pair of gloves (worn)
 n - a +0 cloak (worn)
Scrolls
 b - a scroll of fear {unknown}
 c - 2 scrolls of teleportation
 e - a scroll of amnesia
 f - 2 scrolls of enchant armour {unknown}
 g - 2 scrolls of enchant weapon
 i - 2 scrolls of vulnerability {unknown}
 j - 4 scrolls of identify {unknown}
 k - 3 scrolls of blinking {unknown}
 m - a scroll of immolation {unknown}
 p - a scroll of noise {unknown}


   Skills:
 + Level 2.1 Fighting
 - Level 3.0 Dodging
 - Level 3.0 Stealth
 - Level 7.0 Spellcasting
 - Level 4.0 Conjurations
 - Level 2.0 Hexes
 - Level 2.0 Translocations


You had 6 spell levels left.
You knew the following spells:

 Your Spells              Type           Power      Damage    Failure   Level
a - Magic Dart            Conj           84%        1d7       1%          1
b - Searing Ray           Conj           42%        3d4       3%          2
c - Dazzling Flash        Conj/Hex       36%        N/A       9%          3
d - Fulminant Prism       Conj/Hex       9%         3d7       28%         4
e - Iskenderun's Mystic   Conj/Tloc      18%        2d6       28%         4

Your spell library contained the following spells:

 Spells                   Type           Power      Damage    Failure   Level
 Foxfire                  Conj/Fire      56%        2x1d6     4%          1
 Slow                     Hex            14%        N/A       7%          2
 Confusing Touch          Hex            14%        N/A       13%         3
 Conjure Flame            Conj/Fire      14%        6-21      13%         3
 Gell's Gravitas          Tloc           7%         N/A       13%         3
 Teleport Other           Tloc           14%        N/A       13%         3
 Inner Flame              Hex/Fire       10%        N/A       21%         3
 Vampiric Draining        Necr           3%         2d6       30%         3
 Dispersal                Tloc           7%         N/A       100%        6


Dungeon Overview and Level Annotations

Branches:
Dungeon (5/15)             Temple (1/1) D:4           Sewer (visited)

Altars:
Ashenzari
Cheibriados
Dithmenos
Fedhas
Gozag
Hepliaklqana
Kikubaaqudgha
Makhleb
Nemelex Xobeh
Qazlal
Ru
Sif Muna
Trog
Uskayaw
Xom
Zin
The Shining One

Shops:
D:3 ?


Innate Abilities, Weirdness & Mutations

You are immune to poison.
Your flesh is cold resistant. (rC+)
You are immune to negative energy. (rN+++)
You are immune to unholy pain and torment.
You are vulnerable to heat. (rF-)
You do not drink.


Message History

A howler monkey zombie is nearby!
A howler monkey zombie is nearby!
There is a stone staircase leading up here.
An ogre comes into view. It is wielding a +0 giant club.
Found a scroll of teleportation.
The ogre shouts!
The howler monkey zombie closely misses you.
The howler monkey zombie barely misses you.
Casting: Searing Ray (safe; 3% risk of failure)
Confirm with . or Enter, or press ? or * to list all spells.
Aiming: Searing Ray (safe; 3% risk of failure)
Press: ? - help, Shift-Dir - straight line The searing ray hits the howler monkey zombie!
You destroy the howler monkey zombie!
Sif Muna accepts your kill. (Press . to maintain the ray.)
Your Fighting skill increases to level 2!
The searing ray hits the ogre.
The ogre is lightly wounded.
The searing ray hits the ogre.
The ogre is moderately wounded.
The searing ray hits the ogre.
The ogre is heavily wounded.
You finish channeling your searing ray.
Casting: Searing Ray (safe; 3% risk of failure)
Confirm with . or Enter, or press ? or * to list all spells.
Aiming: Searing Ray (safe; 3% risk of failure)
Press: ? - help, Shift-Dir - straight line The searing ray hits the ogre.
The ogre is heavily wounded. (Press . to maintain the ray.)
The ogre hits you with a +0 giant club!!
Ouch! That really hurt!
The searing ray hits the ogre.
The ogre is severely wounded.
The searing ray hits the ogre!
The ogre is almost dead.
The ogre hits you with a +0 giant club!!
Ouch! That really hurt!
You die...

. #.......#.....## #.
#.#.......#......### #.
#.#.......#........###.
.^..._...#............
#.......#............
#.......#.........>.. ..
#......?#............
#..####O####............
#.....@.....##.........
####..<..#######.......
##....## ##......
#......## ###.....#
#..####<.####..[...##
#..# ##........#..# ...#
##.....###..## ...#
##...## ##.#. ..#
#....## #...


You could see an ogre.

Vanquished Creatures
  A centaur (D:5)
  3 kobold brigands (Sewer)
  A scorpion (D:5)
  A howler monkey (D:5)
  A jelly (D:5)
  A hound (D:4)
  A bullfrog skeleton (D:5)
  A centaur zombie (D:4)
  2 orc wizards
  2 hound zombies (D:4)
  A hound skeleton (D:2)
  A howler monkey zombie (D:5)
  4 gnolls (D:2)
  5 adders
  2 adder zombies (D:4)
  A worm (D:3)
  10 orcs
  13 bats
  7 endoplasms
  4 giant cockroaches
  7 goblins
  3 hobgoblins
  20 kobolds
  8 quokkas
  5 ball pythons
  3 frilled lizards
  12 rats
120 creatures vanquished.

Notes
Turn   | Place    | Note
-------+----------+-------------------------------------------
     0 | D:1      | BALLS the Mummy Conjurer began the quest for the Orb.
     0 | D:1      | Reached XP level 1. HP: 13/13 MP: 4/4
    32 | D:1      | Reached skill level 3 in Spellcasting
   334 | D:1      | Reached XP level 2. HP: 19/19 MP: 0/6
   679 | D:1      | Reached skill level 4 in Spellcasting
   698 | D:1      | Learned a level 2 spell: Searing Ray
  1196 | D:1      | Found a faded altar of an unknown god.
  1384 | D:2      | Reached XP level 3. HP: 24/24 MP: 5/8
  1710 | D:2      | Reached skill level 5 in Spellcasting
  1933 | D:2      | Reached XP level 4. HP: 30/30 MP: 6/11
  2010 | D:2      | Learned a level 3 spell: Dazzling Flash
  2015 | D:2      | Learned a level 4 spell: Fulminant Prism
  2020 | D:2      | Learned a level 4 spell: Iskenderun's Mystic Blast
  2044 | D:2      | Reached skill level 6 in Spellcasting
  2483 | D:3      | Found Xupsob's Magic Scroll Boutique.
  2519 | D:3      | Reached XP level 5. HP: 35/35 MP: 8/13
  3099 | D:3      | Reached skill level 7 in Spellcasting
  3550 | D:4      | Reached XP level 6. HP: 33/41 MP: 8/16
  3699 | D:4      | Found a staircase to the Ecumenical Temple.
  3753 | D:4      | Found a glowing drain.
  3777 | Sewer    | Entered a sewer
  3817 | Sewer    | Reached skill level 1 in Hexes
  3817 | Sewer    | Reached skill level 1 in Translocations
  4253 | Sewer    | Reached XP level 7. HP: 46/46 MP: 14/17
  4614 | Temple   | Entered the Ecumenical Temple
  4726 | Temple   | Became a worshipper of Sif Muna the Loreminder
  4807 | D:5      | Entered Level 5 of the Dungeon
  5164 | D:5      | Found a hide-covered altar of Uskayaw.
  5280 | D:5      | Reached skill level 1 in Fighting
  5485 | D:5      | Slain by an ogre

Illustrated notes

Levels and vault maps discovered:
D:1:      dpeg_arrival_arbitrary_a, layout_basic,
          hellmonk_ecumenical_altar_leap_of_faith, chequers_decorated_corner
D:2:      layout_basic
D:3:      layout_basic, serial_shops, shop
D:4:      layout_rooms, temple_doors_e, portal_sewer_entry_a, serial_undead,
          serial_undead_a, serial_undead_f, serial_undead_c, serial_undead_b
D:5:      layout_layer_cave, lemuel_tele_altar
Temple:   regret_index_temple_sphere_string

Skill      XL: |  1  2  3  4  5  6  7 |
---------------+----------------------+-----
Spellcasting   | 3 4 5 6 7 |  7.0
Conjurations   | 4 |  4.0
Hexes          | 2 |  2.0
Translocations | 2 |  2.0
Stealth        | 2 3 |  3.0
Dodging        | 3 |  3.0
Fighting       | 2 |  2.1

Action                   |  1- 3 |  4- 6 |  7- 9 || total
-------------------------+-------+-------+-------++-------
Melee: Short sword       |    17 |    30 |     3 ||    50
       Whip              |       |       |     5 ||     5
 Cast: Magic Dart        |    59 |    40 |    11 ||   110
       Searing Ray       |     5 |    27 |    16 ||    48
  Use: Scroll            |       |     3 |       ||     3
 Stab: Sleeping          |       |     1 |       ||     1
Armor: Robe              |    10 |    20 |    10 ||    40
Dodge: Dodged            |    22 |    39 |    18 ||    79
